 Dungeon Crawl Stone Soup version 0.31-a0-229-g1fc7ce93e2 (webtiles) character file.

Game seed: 2109420517020780373

320 qw the Shooter (level 6, -7/37 HPs)
             Began as a Gargoyle Hexslinger on July 6, 2023.
             Mangled by an ogre
             ... wielding a +0 giant spiked club
              (9 damage)
             ... on level 4 of the Dungeon.
             The game lasted 00:01:12 (2481 turns).

qw the Shooter (Gargoyle Hexslinger)                Turns: 2481, Time: 00:01:12

Health: -7/37      AC: 13    Str: 11    XL:     6   Next: 46%
Magic:  7/7        EV: 10    Int: 14    God:
Gold:   171        SH:  0    Dex: 14    Spells: 6/7 levels left

rFire   . . .        Y - +0 shortbow
rCold   . . .        (shield currently unavailable)
rNeg    + . .        h - +0 ring mail
rPois   inf          (no helmet)
rElec   +            (no cloak)
rCorr   .            (no gloves)
SInv    .            (no boots)
Will    .....        f - amulet of regeneration
Stlth   +            e - +4 ring of protection
HPRegen 1.06/turn    (no ring)
MPRegen 0.10/turn

%: no passive effects
@: about to teleport
A: sickness immunity, AC +4, negative energy resistance 1, electricity
resistance, torment resistance 1, petrification resistance
a: no special abilities


You were on level 4 of the Dungeon.
You visited 1 branch of the dungeon, and saw 4 of its levels.

You collected 171 gold pieces.


Innate Abilities, Weirdness & Mutations

You are immune to sickness and miasma.
Your stone body is resilient. (AC +4)
You are immune to poison.
You resist negative energy. (rN+)
You are resistant to electric shocks. (rElec)
You are resistant to unholy torment.
You are immune to petrification.


   Skills:
 - Level 3.0 Fighting
 + Level 5.9 Ranged Weapons
 - Level 1.0 Armour
 - Level 1.5 Dodging
 - Level 1.0 Spellcasting
 - Level 2.6 Hexes


You had 6 spell levels left.
You knew the following spells:

 Your Spells              Type           Power      Damage    Failure   Level
a - Slow                  Hex            32%        N/A       21%         1

Your spell library contained the following spells:

 Spells                   Type           Power      Damage    Failure   Level
 Inner Flame              Hex/Fire       4%         N/A       71%         3
 Portal Projectile        Hex/Tloc       8%         N/A       71%         3
 Cause Fear               Hex            4%         N/A       90%         4

Inventory:

Hand Weapons
 Y - a +0 shortbow (weapon)
Armour
 h - a +0 ring mail (worn)
Jewellery
 e - a +4 ring of protection (left hand)
 f - an amulet of regeneration (around neck)
Scrolls
 a - a scroll of enchant armour
 l - a scroll of identify
Potions
 c - a potion of magic {unknown}
 g - a potion of curing
 i - a potion of mutation {unknown}
 j - a potion of ambrosia {unknown}

Dungeon Overview and Level Annotations

Branches:
Dungeon (4/15)
 Temple: D:4-7

Altars:

Shops:
D:2 *


Message History

Enter note:
Enter note: You shoot an arrow.
The arrow hits the ogre.
The ogre is lightly wounded.
You shoot an arrow. The arrow hits the ogre!
The ogre is moderately wounded.
You shoot an arrow. The arrow hits the ogre!
The ogre is heavily wounded.
You shoot an arrow.
The arrow hits the ogre but does no damage.
The ogre is heavily wounded.
You shoot an arrow. The arrow completely misses the ogre.
The ogre barely misses you.
You shoot an arrow. The arrow hits the ogre.
The ogre is severely wounded.
The ogre hits you with a +0 giant spiked club!
You shoot an arrow.
The arrow hits the ogre but does no damage.
The ogre is heavily wounded.
The ogre barely misses you.
You shoot an arrow. The arrow closely misses the ogre.
The ogre closely misses you.
You shoot an arrow. The arrow barely misses the ogre.
The ogre hits you with a +0 giant spiked club!!
Ouch! That really hurt!
2478 ||| READING scroll of teleportation.
As you read the scroll of teleportation, it crumbles to dust.
You feel strangely unstable.
You shoot an arrow.
The arrow hits the ogre but does no damage.
The ogre is heavily wounded.
The ogre hits you with a +0 giant spiked club.
You shoot an arrow. The arrow hits the ogre!
The ogre is almost dead.
The ogre hits you with a +0 giant spiked club.
You shoot an arrow.
The arrow hits the ogre but does no damage.
The ogre is almost dead.
The ogre hits you with a +0 giant spiked club!
You die...

# ##.. ... .... #.# ....
... ..# #.# .# ### #.# #.#
################.###.#
.<.....##.......O....#
[......##.#.##..@# #.#
.......##.#.####.# #.#
.................###.#
.#...................#
.................###.#
.#.#.###.###..##.###.#
.#.#.###.#...........####
.#.#.#...........##.....#
.#.#.#.#.#.#..#..##.###.###


You could see an ogre.

Vanquished Creatures
  A centaur (D:3)
  An iguana (D:3)
  6 adders
  8 gnolls (D:2)
  3 worms
  3 dart slugs
  4 orcs
  5 endoplasms
  2 giant cockroaches (D:4)
  10 goblins
  10 hobgoblins
  A quokka (D:2)
  4 ball pythons
  2 bats (D:3)
  5 frilled lizards
  6 kobolds
  4 rats
75 creatures vanquished.

Notes
Turn   | Place    | Note
-------+----------+-------------------------------------------
     0 | D:1      | qw the Gargoyle Hexslinger began the quest for the Orb.
     0 | D:1      | Reached XP level 1. HP: 12/12 MP: 2/2
     0 | D:1      | 0 ||| qw: Version: 0.3-a-46-gb1f654a
     0 | D:1      | 0 ||| qw: Game counter: 1686
     0 | D:1      | 0 ||| qw: Melee chars always use a shield: true
     0 | D:1      | 0 ||| qw: God list: Okawaru
     0 | D:1      | 0 ||| qw: Allow faded altars: false
     0 | D:1      | 0 ||| qw: Do Orc after clearing Dungeon:15 true
     0 | D:1      | 0 ||| qw: Do second Lair branch before Depths: true
     0 | D:1      | 0 ||| qw: Lair rune preference: random
     0 | D:1      | 0 ||| qw: Goals: Normal
     0 | D:1      | 0 ||| PLANNING D:1-11
   186 | D:1      | Reached XP level 2. HP: 16/16 MP: 3/3
   276 | D:1      | Reached skill level 3 in Ranged Weapons
   649 | D:1      | Reached XP level 3. HP: 21/21 MP: 4/4
   750 | D:1      | 750 ||| UPGRADING to amulet of regeneration.
   755 | D:1      | 755 ||| UPGRADING to +4 ring of protection.
   756 | D:1      | 756 ||| READING scroll labelled ZAHOTU DANUIMA.
   757 | D:1      | 757 ||| READING scroll labelled CYEROZYTEN.
   758 | D:1      | 758 ||| READING scroll labelled JONUIVI HELU.
   761 | D:1      | 761 ||| READING scroll labelled QAFAPN BE FOECS.
   762 | D:1      | 762 ||| DROPPING scroll of poison.
   777 | D:2      | Found Vemyib's General Store.
   786 | D:2      | 786 ||| SHOPLISTING +0 pair of boots (54 gold, have 32).
   786 | D:2      | 786 ||| SHOPLISTING potion of curing (36 gold, have 32).
   786 | D:2      | 786 ||| SHOPLISTING potion of might (48 gold, have 32).
   884 | D:2      | 884 ||| SWAPPING to +1 sling of flaming.
   885 | D:2      | 885 ||| DROPPING +1 sling.
  1002 | D:2      | Reached XP level 4. HP: 26/26 MP: 5/5
  1008 | D:2      | Reached skill level 4 in Ranged Weapons
  1237 | D:2      | Reached XP level 5. HP: 30/30 MP: 6/6
  1459 | D:2      | Found a faded altar of an unknown god.
  1459 | D:2      | Noticed a shadow demon
  1574 | D:2      | 1574 ||| UPGRADING to +0 ring mail.
  1584 | D:2      | 1584 ||| DROPPING +0 robe.
  1585 | D:2      | 1585 ||| READING 2 scrolls labelled GEXTOURIHUE.
  1591 | D:2      | 1591 ||| READING 3 scrolls labelled CODOGOO NEEKE.
  1592 | D:2      | 1592 ||| READING scroll labelled ETWUWY MAAGRO.
  1593 | D:2      | 1593 ||| DROPPING scroll of torment.
  1594 | D:2      | 1594 ||| DROPPING 2 scrolls of vulnerability.
  1717 | D:3      | Reached skill level 1 in Armour
  1723 | D:3      | Noticed a centaur
  1736 | D:3      | Killed a centaur
  1737 | D:3      | Reached skill level 5 in Ranged Weapons
  1737 | D:3      | Reached XP level 6. HP: 28/35 MP: 7/7
  1747 | D:3      | 1747 ||| SWAPPING to +0 shortbow.
  1748 | D:3      | 1748 ||| DROPPING +1 sling of flaming.
  2129 | D:3      | Reached skill level 3 in Fighting
  2262 | D:3      | 2262 ||| READING scroll labelled EZENIE JEPEEMA.
  2263 | D:3      | 2263 ||| READING scroll labelled BEGHITE BIBALL.
  2264 | D:3      | 2264 ||| DRINKING 2 white potions.
  2265 | D:3      | 2265 ||| READING 2 scrolls of identify.
  2265 | D:3      | 2265 ||| IDENTIFYING fuming yellow potion
  2266 | D:3      | 2266 ||| DROPPING potion of invisibility.
  2477 | D:4      | HP: 3/37 [ogre/+0 giant spiked club (29)]
  2478 | D:4      | 2478 ||| READING scroll of teleportation.
  2480 | D:4      | HP: 1/37 [ogre/+0 giant spiked club (4)]
  2481 | D:4      | Mangled by an ogre

Levels and vault maps discovered:
D:1:      minmay_arrival_four_circles, layout_basic
D:2:      layout_basic, serial_shops, nicolae_shop_tiny_glass,
          dreamdust_ecumenical_altar_sealed_demon
D:3:      layout_loops_ring
D:4:      layout_basic, grunt_temple_overflow_open, serial_curves,
          eino_curves_03, eino_curves_01, eino_curves_01,
          minmay_increasing_density, uniq_menkaure

Skill      XL: |  1  2  3  4  5  6 |
---------------+-------------------+-----
Ranged Weapons | 3 4 5 |  5.9
Fighting       | 2 3 |  3.0
Armour         | 1 |  1.0
Dodging        | |  1.5
Spellcasting   | |  1.0
Hexes          | |  2.6

Action                     |  1- 3 |  4- 6 || total
---------------------------+-------+-------++-------
   Fire: Sling             |   117 |    82 ||   199
         Shortbow          |       |    99 ||    99
    Use: Scroll            |     4 |     7 ||    11
         Potion            |       |     1 ||     1
 Armour: Robe              |    16 |     2 ||    18
         Ring mail         |       |    42 ||    42
  Dodge: Dodged            |    30 |    55 ||    85

Table legend:
 A = Non-vault XP
 B = Vault XP
 C = Vault XP percentage of total XP
 D = Non-vault monster count
 E = Vault monster count
 F = Vault count percentage of total count
                 A         B        C        D         E       F
            +---------+---------+-------+---------+---------+-------
      Total |     458 |       0 |   0.0 |      75 |       0 |   0.0
            +---------+---------+-------+---------+---------+-------
        D:1 |      36 |       0 |   0.0 |      24 |       0 |   0.0
        D:2 |     157 |       0 |   0.0 |      23 |       0 |   0.0
        D:3 |     226 |       0 |   0.0 |      18 |       0 |   0.0
        D:4 |      39 |       0 |   0.0 |      10 |       0 |   0.0
            +---------+---------+-------+---------+---------+-------
